 Dungeon Crawl Stone Soup version 0.18.1-50-g88ac8fd (webtiles) character file.

8561 Dioneo the Envoy of Void (level 11, -2/101 HPs)
             Began as a Hill Orc Abyssal Knight on Oct 20, 2016.
             Was a High Priest of Lugonu.
             Slain by a komodo dragon (17 damage)
             ... on level 2 of the Lair of Beasts.
             The game lasted 00:42:03 (16752 turns).

Dioneo the Envoy of Void (Hill Orc Abyssal Knight) Turns: 16752, Time: 00:42:03

Health: -2/101     AC: 17    Str: 19    XL:     11   Next: 32%
Magic:  20/20      EV:  6    Int: 12    God:    Lugonu [*****.]
Gold:   370        SH:  0    Dex: 15    Spells: 0 memorised, 10 levels left

rFire  . . .     SeeInvis .     J - +3 battleaxe
rCold  . . .     Gourm    .     H - +0 plate armour
rNeg   . . .     Faith    .     (shield currently unavailable)
rPois  .         Spirit   .     (no helmet)
rElec  .         Dismiss  .     h - +1 cloak
rCorr  .         Reflect  .     (no gloves)
SustAt +         Harm     .     s - +0 pair of boots
MR     .....                    (no amulet)
Stlth  ..........               B - ring of sustain attributes
                                k - +5 ring of dexterity

@: not resistant to hostile enchantments, extremely unstealthy
A: no striking features
a: Depart the Abyss, Bend Space, Banish, Corrupt, Enter the Abyss, Renounce
Religion


You were on level 2 of the Lair of Beasts.
You worshipped Lugonu.
Lugonu was extremely pleased with you.
You were very hungry.

You visited 2 branches of the dungeon, and saw 11 of its levels.
You visited the Abyss 1 time.
You also visited: Sewer.

You collected 643 gold pieces.
You spent 273 gold pieces at shops.

Inventory:

Hand Weapons
 v - a +0 blowgun
 J - a +3 battleaxe (weapon)
Missiles
 g - 28 poisoned needles
 m - 16 tomahawks (quivered)
 F - 5 steel javelins
Armour
 h - a +1 cloak (worn)
 s - a +0 pair of boots (worn)
 H - a +0 plate armour (worn)
Jewellery
 k - a +5 ring of dexterity (left hand)
 o - an uncursed ring of magical power
 B - a ring of sustain attributes (right hand)
 C - an uncursed amulet of rage
 N - an uncursed ring of ice
 R - an uncursed ring of flight
Wands
 i - a wand of lightning (0/15)
 u - a wand of flame (29/48)
 w - a wand of acid (8/15)
 x - a wand of digging (5/24)
 z - a wand of iceblast (7/15)
 A - a wand of acid (8/15)
 D - a wand of acid (5/15)
 E - a wand of flame (21/48)
 M - a wand of iceblast (7/15)
 O - a wand of lightning (7/15)
 S - a wand of slowing (33/48)
Scrolls
 a - a scroll of enchant armour
 j - 6 scrolls of remove curse
 l - a scroll of enchant weapon
 n - 4 scrolls of teleportation
 p - 3 scrolls of amnesia
 r - a scroll of fear {unknown}
 y - a scroll of magic mapping
 I - 2 scrolls of recharging {unknown}
 T - a scroll of silence {unknown}
Potions
 b - 3 potions of mutation
 d - 2 potions of cancellation
 e - 4 potions of agility
 q - 4 potions of flight
 t - 9 potions of heal wounds
 G - 2 potions of invisibility
 L - 6 potions of curing
 Q - 2 potions of brilliance
Miscellaneous
 P - a fan of gales
Comestibles
 c - 6 bread rations
 f - a slice of pizza
 K - 9 fruits
 U - a meat ration


   Skills:
 + Level 10.7 Fighting
 + Level 11.6 Axes
 + Level 8.2 Armour
 - Level 0.7 Dodging
 + Level 12.7 Invocations


You had 10 spell levels left.
You didn't know any spells.

Dungeon Overview and Level Annotations

Branches:
Dungeon (9/15)             Temple (0/1) D:4            Lair (2/8) D:9
    Orc: D:9-12

Altars:
Ashenzari
Dithmenos
Elyvilon
Fedhas
Makhleb
Pakellas
Qazlal
Sif Muna
Vehumet
The Shining One

Shops:
D:9 !


Message History

Lugonu accepts your kill.
You hit the river rat but do no damage.
The river rat bites you but does no damage.
The komodo dragon bites you!
You slash the komodo dragon!
The komodo dragon is lightly wounded.
You completely miss the river rat. The river rat bites you!
The komodo dragon bites you!!
You closely miss the komodo dragon.
The komodo dragon is lightly wounded.
You closely miss the river rat.
The river rat bites you but does no damage.
The komodo dragon bites you!!
* * * LOW HITPOINT WARNING * * *
You slice the komodo dragon!!
The komodo dragon is severely wounded.
You barely miss the river rat.
The river rat bites you but does no damage.
The komodo dragon bites you!
You die...

.>.........##
............##
.............#
.............#
.............#
.............#
.............### ## #..
.............#.##.#.....
.............†..@r......
#. .....#..††..l†......
.....##.##..........
..### ##............ ##
......#......
#$......##....
#........P####P
..........# #


You could see a komodo dragon and a river rat.

Vanquished Creatures
  Fannar (Lair:1)
  2 spiny frogs
  A komodo dragon (Lair:2)
  A two-headed ogre (D:9)
  3 blink frogs (Lair:2)
  3 hippogriffs
  Grum (D:8)
  A water moccasin (Lair:2)
  An ice beast (D:8)
  A porcupine (Lair:2)
  A phantom (D:9)
  A necrophage (D:9)
  3 wolves (D:8)
  An ogre (D:6)
  3 centaurs
  A crocodile (Lair:2)
  2 big kobolds (Sewer)
  10 giant frogs
  2 killer bees (D:7)
  4 scorpions
  17 wights
  A centaur zombie (D:9)
  3 jellies
  4 crimson imps
  10 hounds
  5 orc priests
  11 orc wizards
  2 giant frog skeletons
  4 iguanas
  9 worker ants
  A hound skeleton (D:6)
  14 gnolls
  12 adders
  39 river rats
  6 oozes
  2 adder skeletons (D:5)
  5 worms
  2 dart slugs
  6 giant geckos
  14 orcs
  14 bats
  8 giant cockroaches
  13 goblins
  9 hobgoblins
  10 jackals
  20 kobolds
  6 quokkas
  2 ball pythons (Sewer)
  2 giant gecko skeletons (D:5)
  A giant gecko zombie (D:5)
  9 giant newts
  A jackal skeleton (D:4)
  A jackal zombie (D:6)
  A quokka skeleton (D:9)
  A quokka zombie (D:7)
  16 rats
  2 fungi
  A plant (Lair:1)
327 creatures vanquished.

Vanquished Creatures (others)
  A hydra (Lair:1)
  The ghost of SexyTroll44 the Stinger, an amateur NaVM (Sewer)
  An ogre (D:4)
  A centaur (D:5)
  2 scorpions
  3 killer bees (D:7)
  An orc priest (D:6)
  A gnoll (D:5)
  6 fungi
17 creatures vanquished.

Grand Total: 344 creatures vanquished

Notes
Turn   | Place    | Note
--------------------------------------------------------------
     0 | Abyss:1  | Dioneo the Hill Orc Abyssal Knight began the quest for the Orb.
     0 | Abyss:1  | Reached XP level 1. HP: 19/19 MP: 2/2
    22 | D:1      | Escaped the Abyss
   188 | D:1      | Reached skill level 3 in Invocations
   189 | D:1      | Reached XP level 2. HP: 27/27 MP: 2/4
   614 | D:1      | Reached ** piety under Lugonu
   628 | D:1      | Reached XP level 3. HP: 33/33 MP: 5/5
   882 | D:1      | Reached skill level 4 in Invocations
  1400 | D:2      | Reached XP level 4. HP: 32/40 MP: 7/7
  2073 | D:2      | Found an oddly glowing altar of Pakellas.
  2597 | D:2      | Reached *** piety under Lugonu
  2613 | D:2      | Reached skill level 5 in Invocations
  2613 | D:2      | Reached XP level 5. HP: 45/46 MP: 8/8
  3266 | D:3      | Found a deep blue altar of Sif Muna.
  3528 | D:3      | Found a shattered altar of Ashenzari.
  3531 | D:3      | Found a white marble altar of Elyvilon.
  3534 | D:3      | Found a stormy altar of Qazlal.
  3565 | D:3      | Found a burning altar of Makhleb.
  3575 | D:3      | Noticed an Executioner
  3579 | D:3      | Noticed a neqoxec
  3579 | D:3      | Noticed a neqoxec
  3887 | D:4      | Reached XP level 6. HP: 11/55 MP: 10/10
  4213 | D:4      | Reached skill level 6 in Invocations
  4521 | D:4      | Reached skill level 5 in Fighting
  4580 | D:4      | Reached skill level 5 in Axes
  5025 | D:4      | Found a staircase to the Ecumenical Temple.
  5254 | D:4      | Reached XP level 7. HP: 42/61 MP: 12/12
  5259 | D:4      | Reached skill level 7 in Invocations
  5817 | D:5      | Entered Level 5 of the Dungeon
  6217 | D:5      | Found a glowing drain.
  6234 | Sewer    | Entered a sewer
  6260 | Sewer    | Reached **** piety under Lugonu
  6357 | Sewer    | Noticed SexyTroll44's ghost (amateur NaVM)
  6383 | Sewer    | Banished SexyTroll44's ghost
  6383 | Sewer    | Reached skill level 8 in Invocations
  6677 | Sewer    | Reached XP level 8. HP: 59/70 MP: 14/14
  7188 | D:5      | Reached skill level 9 in Invocations
  9106 | D:6      | Reached skill level 10 in Invocations
  9153 | D:6      | Reached XP level 9. HP: 72/79 MP: 16/16
 11578 | D:8      | Reached skill level 5 in Armour
 11634 | D:8      | Reached skill level 11 in Invocations
 11654 | D:8      | Noticed Grum
 11658 | D:8      | Killed Grum
 11658 | D:8      | Reached XP level 10. HP: 54/90 MP: 18/18
 11811 | D:8      | Found a glowing golden altar of the Shining One.
 12025 | D:8      | Found a blossoming altar of Fedhas.
 12177 | D:8      | Reached skill level 10 in Axes
 12923 | D:8      | Found a radiant altar of Vehumet.
 12924 | D:8      | Found a burning altar of Makhleb.
 13183 | D:9      | Found a shadowy altar of Dithmenos.
 13309 | D:9      | Found a staircase to the Lair.
 14155 | D:9      | Found Edehogud's Distillery.
 14163 | D:9      | Bought 2 potions of curing for 78 gold pieces
 14163 | D:9      | Bought a potion of heal wounds for 65 gold pieces
 14163 | D:9      | Bought a potion of curing for 39 gold pieces
 14163 | D:9      | Bought a potion of brilliance for 52 gold pieces
 14163 | D:9      | Bought a potion of curing for 39 gold pieces
 14409 | Lair:1   | Entered Level 1 of the Lair of Beasts
 14431 | Lair:1   | Noticed a six-headed hydra
 14435 | Lair:1   | Banished a six-headed hydra
 14435 | Lair:1   | Reached skill level 12 in Invocations
 14742 | Lair:1   | Noticed Fannar
 14754 | Lair:1   | Killed Fannar
 14754 | Lair:1   | Reached skill level 10 in Fighting
 14926 | Lair:1   | Reached ***** piety under Lugonu
 14926 | Lair:1   | Reached XP level 11. HP: 95/100 MP: 20/20
 16752 | Lair:2   | Slain by a komodo dragon

Skill      XL: |  1  2  3  4  5  6  7  8  9 10 11 |
---------------+----------------------------------+-----
Invocations    | 3 4 5 6 8 10 11 12 | 12.7
Axes           | 3 4 5 6 7 9 11 | 11.6
Fighting       | 4 5 6 7 8 10 | 10.7
Armour         | 3 5 7 8 |  8.2
Dodging        | |  0.7

Action                   |  1- 3 |  4- 6 |  7- 9 | 10-12 || total
-------------------------+-------+-------+-------+-------++-------
Melee: Hand axe          |   127 |   306 |   170 |       ||   603
       War axe           |       |       |   384 |       ||   384
       Battleaxe         |       |       |    44 |   292 ||   336
 Fire: Blowgun           |       |       |     8 |       ||     8
Invok: Banish            |       |     1 |     9 |     1 ||    11
Evoke: Wand              |       |       |     2 |       ||     2
  Use: Scroll            |     2 |     4 |     8 |     4 ||    18
       Potion            |       |     3 |     4 |     1 ||     8
  Eat: Chunk             |     2 |     9 |    18 |     4 ||    33
       Pizza             |       |     1 |       |     1 ||     2
       Beef jerky        |       |     1 |     1 |       ||     2
       Meat ration       |       |       |     1 |     1 ||     2
       Fruit             |       |       |       |     1 ||     1
       Bread ration      |       |       |       |     1 ||     1
Armor: Leather armour    |     8 |       |       |       ||     8
       Chain mail        |    53 |   185 |   306 |       ||   544
       Plate armour      |       |       |   121 |   226 ||   347
Dodge: Dodged            |    52 |   114 |   224 |   105 ||   495
